 Dungeon Crawl Stone Soup version 0.27-a0-215-g68775813e2 (webtiles) character file.

Game seed: 3411531960000005281

10 GordonOverkill the Skirmisher (level 2, 0/32 HPs)
             Began as an Ogre Delver on Jan 31, 2021.
             Succumbed to a worker ant's poison
             ... on level 3 of the Dungeon.
             The game lasted 00:02:03 (490 turns).

GordonOverkill the Skirmisher (Ogre Delver)          Turns: 490, Time: 00:02:04

Health: 0/32       AC:  3    Str: 15    XL:     2   Next: 20%
Magic:  2/2        EV: 10    Int: 11    God:
Gold:   14         SH:  0    Dex: 10    Spells: 1/1 levels left

rFire    . . .     SeeInvis .   a - +0 mace
rCold    . . .     Faith    .   (no shield)
rNeg     . . .     Spirit   .   b - +0 robe
rPois    .         Reflect  .   (helmet restricted)
rElec    .         Harm     .   (no cloak)
rCorr    .         Rampage  .   (gloves unavailable)
Will     .....                  (boots unavailable)
Stlth    ++........             (no amulet)
HPRegen  0.10/turn              (no ring)
MPRegen  0.08/turn              (no ring)

@: lethally poisoned (0 -> -7), hasted, very quick
A: large, unfitting armour, tough skin 1
a: no special abilities


You were on level 3 of the Dungeon.
You visited 1 branch of the dungeon, and saw 3 of its levels.

You collected 14 gold pieces.

Inventory:

Hand Weapons
 a - a +0 mace (weapon)
Missiles
 h - 7 stones (quivered)
Armour
 b - a +0 robe (worn)
Wands
 g - a wand of digging (3)
Scrolls
 c - a scroll of fog
 d - a scroll of magic mapping
 i - a scroll of noise {unknown}


   Skills:
 + Level 4.3 Fighting
 * Level 2.3 Maces & Flails
 - Level 1.7 Dodging
 - Level 3.7 Stealth


You had one spell level left.
You didn't know any spells.
Your spell library was empty.

Dungeon Overview and Level Annotations

Branches:
Dungeon (5/15)
 Temple: D:4-7

Altars:


Innate Abilities, Weirdness & Mutations

You are too large for most types of armour.
You have tough skin. (AC +1)


Message History

The worker ant is heavily wounded.
The worker ant bites you.
* * * LOW HITPOINT WARNING * * *
The worker ant bites you.
* * * LOW HITPOINT WARNING * * *
You are lethally poisoned!
The worker ant poisons you!
You aren't carrying any potions.
Unknown command.
* * * LOW HITPOINT WARNING * * *
You feel sick.
An orc comes into view.
An orc and an orc wizard come into view.
* * * LOW HITPOINT WARNING * * *
You feel sick.
Found 17 bolts.
* * * LOW HITPOINT WARNING * * *
You feel sick.
Found 13 gold pieces.
You die...

## ### ## .# ..
...$.#..(
#.##.#......
#...........
#.##@# ....# ##
#.##.#.....#
...##.##.#......
......##B......# .
#........... #.
#.........## #.
#.####......
#..#.# ....##
####..#)####......


You could see a worker ant.

Vanquished Creatures
  A giant cockroach (D:3)
  A hobgoblin (D:3)
  4 jackals (D:4)
  2 kobolds (D:3)
8 creatures vanquished.

Notes
Turn   | Place    | Note
-------+----------+-------------------------------------------
     0 | D:5      | GordonOverkill the Ogre Delver began the quest for the Orb.
     0 | D:5      | Reached XP level 1. HP: 24/24 MP: 1/1
   322 | D:4      | Noticed a worker ant
   366 | D:4      | Noticed an orc wizard
   377 | D:4      | Noticed an orc wizard
   466 | D:3      | Reached XP level 2. HP: 31/32 MP: 2/2
   488 | D:3      | HP: 1/32 [poisoned by a worker ant]
   490 | D:3      | Succumbed to a worker ant's poison

Illustrated notes

Levels and vault maps discovered:
D:3:      layout_basic, grunt_temple_overflow_lords_of_destruction,
          gup_sewer_entry_pipe
D:4:      layout_loops_ring, tgw_sif, uniq_robin, uniq_duvessa
D:5:      layout_basic, enter_ossuary_4, grunt_ministairs_5, uniq_sigmund

Skill      XL: |  1 |
---------------+----+-----
Maces & Flails | 2 |  2.3
Fighting       | |  4.3
Dodging        | |  1.7
Stealth        | |  3.7

Action                   || total
-------------------------++-------
Melee: Mace              ||    36
Throw: Stone             ||     6
  Use: Scroll            ||     1
       Potion            ||     1
Armor: Robe              ||     5
Dodge: Dodged            ||    25

Table legend: (Time is in decaauts)
 A = Elapsed time spent in this place.
 B = Non-inter-level travel time spent in this place.
 C = Inter-level travel time spent in this place.
 D = Time resting spent in this place.
 E = Time spent auto-exploring this place.
 F = Levels seen in this place.
 G = Mean time per level.
                   A        B        C        D        E       F      G
               +--------+--------+--------+--------+--------+-----+--------+
         Total |    497 |    497 |      0 |    256 |      0 |   3 |  165.7 |
       Dungeon |    497 |    497 |      0 |    256 |      0 |   3 |  165.7 |
               +--------+--------+--------+--------+--------+-----+--------+

Top non-repeatable levels by time:
     D:4: 443 daAuts
     D:3: 35 daAuts
     D:5: 19 daAuts
